 Dungeon Crawl Stone Soup version 0.24-a0-584-g9d6b971 (webtiles) character file.

Game seed: 16692075092829543250, levelgen mode: deterministic

99928 Firecrotchwizard the Fighter (level 16, -3/107 HPs)
             Began as a Gargoyle Gladiator on Sept 5, 2019.
             Was a High Priest of Okawaru.
             Slain by a white very ugly thing (7 damage)
             ... in an ice cave on Sept 7, 2019.
             The game lasted 01:11:53 (25720 turns).

Firecrotchwizard the Fighter (Gargoyle Gladiator)  Turns: 25720, Time: 01:11:53

Health: -3/107     AC: 47    Str: 26    XL:     16   Next: 26%
Magic:  23/23      EV: 17    Int:  9    God:    Okawaru [*****.]
Gold:   403        SH:  0    Dex: 11    Spells: 15/15 levels left

rFire    . . .     SeeInvis .   b - +5 lajatang (protect)
rCold    + . .     Gourm    .   (shield currently unavailable)
rNeg     + . .     Faith    .   U - +6 scale mail "Ophathex" {rElec MR+ Str-2}
rPois    ∞         Spirit   .   c - +2 helmet
rElec    +         Reflect  .   w - scarf {repulsion}
rCorr    .         Harm     .   o - +2 pair of gloves {Str+3}
MR       ++...                  u - +2 pair of boots
Stlth    +.........             A - amulet of magic regeneration
HPRegen  0.27/turn              I - ring of protection from cold {rC+, !d}
MPRegen  0.43/turn              (no ring)

@: heroism, protection aura, flying, studying Invocations, repel missiles
A: big wings, negative energy resistance 1, electricity resistance, unbreathing,
petrification resistance, rot immunity, AC +12
a: Stop Flying, Heroism, Finesse, Renounce Religion


You were in an ice cave.
You worshipped Okawaru.
Okawaru was extremely pleased with you.
You were very hungry.

You visited 5 branches of the dungeon, and saw 23 of its levels.
You also visited: Ossuary, Bailey and Ice Cave.

You collected 2020 gold pieces.
You spent 1617 gold pieces at shops.

Inventory:

Hand Weapons
 a - a +5 quarterstaff of crushing
   (You bought it in a shop on level 11 of the Dungeon)
 b - a +5 lajatang of protection (weapon)
   (Okawaru gifted it to you on level 2 of the Lair of Beasts)
 T - the +4 quarterstaff of Evil {drain, *Corrode +Blink +Inv Dex+10}
   (Okawaru gifted it to you on level 11 of the Dungeon)

   A truly terrible weapon, it drains the life of those it strikes.
   It affects your dexterity (+10).
   It lets you turn invisible.
   It lets you blink.
   It may corrode you when you take damage.
Missiles
 d - 7 throwing nets {=f, !d}
 n - 22 curare-tipped darts
 p - 5 atropa-tipped darts
 C - 12 silver javelins (quivered)
Armour
 c - a +2 helmet (worn)
 o - a +2 pair of gloves of strength (worn)
   (Okawaru gifted it to you on level 6 of the Lair of Beasts)
 u - a +2 pair of boots (worn)
   (You found it on level 7 of the Dungeon)
 w - a scarf of repulsion (worn)
   (Okawaru gifted it to you on level 1 of the Swamp)
 S - a scarf of spirit shield
   (You found it on level 6 of the Lair of Beasts)
 U - the +6 scale mail "Ophathex" (worn) {rElec MR+ Str-2}
   (Okawaru gifted it to you on level 2 of the Lair of Beasts)

   It affects your strength (-2).
   It insulates you from electricity.
   It affects your resistance to hostile enchantments.
Magical Staves
 x - an uncursed staff of earth
   (You found it on level 5 of the Dungeon)
Jewellery
 A - an amulet of magic regeneration (around neck)
   (You found it on level 8 of the Dungeon)
 I - a ring of protection from cold (left hand) {rC+, !d}
   (You found it on level 9 of the Dungeon)
Wands
 y - a wand of polymorph (16)
   (You found it on level 5 of the Dungeon)
 X - a wand of digging (3)
   (You found it on level 4 of the Lair of Beasts)
 Z - a wand of iceblast (12)
   (You found it on level 4 of the Lair of Beasts)
Scrolls
 e - 8 scrolls of remove curse
 g - 7 scrolls of identify
 i - a scroll of summoning
 j - 2 scrolls of enchant armour
 m - 3 scrolls of fear
 s - 2 scrolls of magic mapping {!r}
 F - 8 scrolls of teleportation
 H - a scroll of fog
 K - 2 scrolls of blinking {!r}
 O - 4 scrolls of amnesia
 P - 3 scrolls of holy word {!r}
 W - a scroll of silence
 Y - 3 scrolls of enchant weapon
Potions
 h - 6 potions of curing
 k - 4 potions of heal wounds
 l - 7 potions of haste
 q - a potion of magic {unknown}
 t - 6 potions of lignification {!q}
 v - a potion of brilliance
 z - 3 potions of invisibility
 D - a potion of mutation {!q}
 E - 4 potions of ambrosia
 G - 2 potions of resistance
 J - 3 potions of agility
 N - a potion of cancellation
 R - 2 potions of berserk rage {!q}
Books
 Q - a manual of Invocations {!d}
   (You bought it in a shop on level 2 of the Orcish Mines)
Miscellaneous
 r - 2 sacks of spiders
 M - a lamp of fire
   (You found it on level 6 of the Lair of Beasts)
Comestibles
 f - 25 rations


   Skills:
 + Level 14.9(19.9) Fighting
 - Level 14.0(19.0) Staves
 + Level 7.9(12.9) Throwing
 + Level 14.5(19.5) Armour
 + Level 9.2(14.2) Dodging
 - Level 10.2 Invocations


You had 15 spell levels left.
You didn't know any spells.
Your spell library contained the following spells:

 Spells                   Type           Power        Failure   Level  Hunger
 Pain                     Necr           #...         54%         1    ##.....
 Shock                    Conj/Air       #...         54%         1    ##.....
 Summon Small Mammal      Summ           #...         54%         1    ##.....
 Call Imp                 Summ           #.......     69%         2    ###....
 Poisonous Vapours        Pois/Air       #.....       69%         2    ###....
 Swiftness                Chrm/Air       #.......     69%         2    ###....
 Call Canine Familiar     Summ           #.......     89%         3    ####...
 Conjure Flame            Conj/Fire      #.......     89%         3    ####...
 Mephitic Cloud           Conj/Pois/Air  #.......     89%         3    ####...
 Static Discharge         Conj/Air       #.......     89%         3    ####...
 Summon Guardian Golem    Hex/Summ       #.......     89%         3    ####...
 Airstrike                Air            #.........   100%        4    #####..
 Animate Dead             Necr           N/A          100%        4    #####..
 Summon Ice Beast         Ice/Summ       #.......     100%        4    #####..
 Summon Lightning Spire   Summ/Air       #.......     100%        4    #####..
 Bolt of Magma            Conj/Fire/Erth #.........   100%        5    ######.
 Lightning Bolt           Conj/Air       #.........   100%        5    ######.
 Death Channel            Necr           #.........   100%        6    #######
 Freezing Cloud           Conj/Ice/Air   #.........   100%        6    #######
 Ring of Flames           Chrm/Fire      #.........   100%        7    #######
 Sublimation of Blood     Necr           Unusable     N/A         2    N/A

Dungeon Overview and Level Annotations

Branches:
Dungeon (11/15)            Temple (1/1) D:7            Lair (6/6) D:11
  Swamp (3/4) Lair:3       Spider (0/4) Lair:3        Slime (0/5) Lair:6
    Orc (2/2) D:9             Elf (0/3) Orc:2       Ossuary (visited)
 Bailey (visited)           IceCv (1/1)

Altars:
Ashenzari
Cheibriados
Dithmenos
Elyvilon
Fedhas
Gozag
Hepliaklqana
Kikubaaqudgha
Makhleb
Nemelex Xobeh
Okawaru
Qazlal
Ru
Sif Muna
Trog
Uskayaw
Vehumet
Wu Jian
Xom
Yredelemnul
The Shining One
Beogh
Jiyva

Shops:
D:11 (   Orc:2 !:!*

Annotations:
D:2 1 runed translucent door, Crazy Yiuf
D:3 Grinder
D:10 3 runed translucent doors
Lair:6 1 runed translucent door IceCv exclusion: ice statue


Innate Abilities, Weirdness & Mutations

You are resistant to torment.
Your stone body is resilient. (AC +12)
You are immune to poison.
Your large and strong wings let you fly indefinitely.
You resist negative energy. (rN+)
You are resistant to electric shocks. (rElec)
You can survive without breathing.
You are immune to petrification.
You are immune to rotting.


Message History

The iron troll simulacrum barely misses you.
You slice the iron troll simulacrum!!
The iron troll simulacrum vapourises!
Okawaru accepts your kill.
You slice the iron troll simulacrum!! The iron troll simulacrum bites you.
The iron troll simulacrum freezes you!! You resist.
The iron troll simulacrum claws you but does no damage.
The iron troll simulacrum claws you. The iron troll simulacrum freezes you!
You resist.
You take 40 damage, and have 49/107 hp.
MASSIVE DAMAGE!!
You hit the iron troll simulacrum but do no damage.
You hit the iron troll simulacrum but do no damage.
You hit the iron troll simulacrum.
The iron troll simulacrum bites you but does no damage.
The iron troll simulacrum completely misses you.
The iron troll simulacrum claws you but does no damage.
You hit the iron troll simulacrum. You hit the iron troll simulacrum.
The iron troll simulacrum bites you but does no damage.
The iron troll simulacrum claws you but does no damage. x2
You slice the iron troll simulacrum!!
The iron troll simulacrum vapourises!
Okawaru accepts your kill.
You start resting.
You are feeling very hungry.
You regained 43 hp, and now have 94/107 hp.
r - 2 sacks of spiders (gained 1)
q - a sedimented white potion
g - 7 scrolls of identify (gained 1)
An ice statue comes into view.
The ice statue glitters chillingly in the dim dungeon light.
A white very ugly thing comes into view.
The white very ugly thing gurgles horribly!
A dire elephant simulacrum comes into view.
A harpy simulacrum comes into view.
The ice statue gestures at you.
The white very ugly thing moves out of view.
A harpy simulacrum comes into view.
The harpy simulacrum misses you.
The harpy simulacrum closely misses you.
The harpy simulacrum completely misses you.
The harpy simulacrum claws you but does no damage.
The white very ugly thing is engulfed in freezing vapours.
The harpy simulacrum claws you but does no damage. x2
The harpy simulacrum claws you! The harpy simulacrum freezes you! You resist.
The harpy simulacrum claws you but does no damage.
The white very ugly thing is engulfed in freezing vapours.
The harpy simulacrum barely misses you.
The harpy simulacrum completely misses you.
The harpy simulacrum claws you but does no damage.
The harpy simulacrum completely misses you.
You take 16 damage, and have 82/107 hp.
The harpy simulacrum claws you but does no damage.
The harpy simulacrum misses you.
The harpy simulacrum completely misses you.
The harpy simulacrum closely misses you.
You see here a wand of paralysis (5).
You slash the harpy simulacrum!
Your weapon exudes an aura of protection.
The harpy simulacrum claws you but does no damage. x4
The harpy simulacrum misses you. x2
The harpy simulacrum claws you but does no damage. x2
You cut the harpy simulacrum into ribbons!!!
The harpy simulacrum vapourises!
Okawaru accepts your kill. The harpy simulacrum claws you!
The harpy simulacrum freezes you! You resist. The harpy simulacrum misses you.
You take 17 damage, and have 65/107 hp.
You slice the harpy simulacrum!!
The harpy simulacrum vapourises!
Okawaru accepts your kill.
You gain the combat prowess of a mighty hero.
The white very ugly thing is engulfed in freezing vapours.
The white very ugly thing closely misses you.
You now have 21/23 mp.
You slice the white very ugly thing!!
The white very ugly thing tail-slaps you!
The white very ugly thing freezes you! You resist.
You take 31 damage, and have 35/107 hp.
MASSIVE DAMAGE!!
You completely miss the white very ugly thing.
The white very ugly thing closely misses you.
You slash the white very ugly thing! You slice the white very ugly thing!!
The white very ugly thing barely misses you.
You closely miss the white very ugly thing.
The white very ugly thing tail-slaps you!
* * * LOW HITPOINT WARNING * * *
The white very ugly thing freezes you!! You resist.
* * * LOW HITPOINT WARNING * * *
You take 32 damage, and have 4/107 hp.
MASSIVE DAMAGE!!
MP restored: 23 You barely miss the white very ugly thing.
You slash the white very ugly thing!
The white very ugly thing tail-slaps you but does no damage.
You hit the white very ugly thing but do no damage.
The white very ugly thing tail-slaps you!
You die...

#.....## ##....(# ...
#......###......# ...
#.......#.......#°...
#.......#.......#○...
#.∩..∩...........°....
#.......#.......#☼....
#.......#.......#...Z.
#......###.....u# ....
#.....## ##..??@# ..8
####### ####### ###


You could see a white very ugly thing.

Vanquished Creatures
  2 thorn hunters
  2 orc warlords (Orc:2)
  A dire elephant (Lair:6)
  2 ettins (Orc:2)
  The ghost of dialectric the Fighter, a journeyman DsFi of Trog (Lair:4)
  A fire dragon (Lair:6)
  Harold (D:8)
  Erolcha (Orc:1)
  11 hydras
  A catoblepas (Lair:3)
  Erica (D:8)
  2 shambling mangroves
  10 death yaks
  6 alligators
  5 two-headed ogres
  5 orc high priests (Orc:2)
  Sonja (D:11)
  A fire crab (Lair:6)
  A lindwurm (Lair:5)
  A glowing orange brain (D:7)
  5 orc knights
  4 orc sorcerers (Orc:2)
  An ugly thing (D:11)
  2 cyclopes
  A manticore (Lair:4)
  3 molten gargoyles (Lair:6)
  6 black mambas
  6 elephants (Lair:5)
  A torpor snail (Lair:6)
  13 spiny frogs
  A rime drake (Lair:2)
  13 komodo dragons
  4 tyrant leeches
  3 trolls
  A jumping spider (Lair:3)
  2 polar bears
  7 hornets
  5 bog bodies
  16 blink frogs
  Prince Ribbit (D:5)
  14 hippogriffs
  A shadow (Swamp:2)
  8 wyverns
  A vampire (D:7)
  Eustachio (D:4)
  5 spriggans
  40 yaks
  6 basilisks
  2 hungry ghosts
  9 vampire mosquitoes
  2 steam dragons (Lair:6)
  2 iron troll simulacra (IceCv)
  Menkaure (D:6)
  2 harpy simulacra (IceCv)
  6 swamp worms
  4 wargs
  3 insubstantial wisps (Swamp:3)
  Edmund (D:6)
  15 water moccasins
  5 porcupines
  3 hell hounds (Lair:6)
  2 soldier ants (D:10)
  56 orc warriors
  2 phantoms
  A sky beast (D:7)
  6 swamp drakes
  A black bear (D:8)
  Duvessa (D:6)
  9 ice beasts
  An eye of draining (D:11)
  14 ogres
  22 wolves
  11 centaurs
  16 crocodiles
  A big kobold (D:9)
  14 bullfrogs
  Dowan (D:6)
  3 scorpions
  A wyvern skeleton (D:11)
  11 killer bees
  A water moccasin skeleton (D:8)
  4 wights (D:8)
  5 lava snakes (Lair:6)
  5 crimson imps
  2 bullfrog zombies
  2 quasits
  4 hounds
  4 jellies
  A centaur skeleton (D:11)
  27 orc priests
  19 orc wizards
  2 bullfrog skeletons
  4 iguanas
  9 worker ants
  3 hound zombies
  2 hound skeletons
  13 mummies (Ossuary)
  11 gnolls
  12 adders
  6 shadow imps
  An adder zombie (D:5)
  2 dart slugs (D:2)
  A worm (D:10)
  8 leopard geckos
  105 orcs
  11 giant cockroaches
  3 goblins
  14 hobgoblins
  15 jackals
  4 quokkas
  3 ball pythons
  5 bats
  5 frilled lizards
  A giant cockroach zombie (D:6)
  A gnoll skeleton (Ossuary)
  3 goblin skeletons (Ossuary)
  2 jackal skeletons
  9 kobolds
  3 kobold skeletons (Ossuary)
  A leopard gecko skeleton (D:7)
  A leopard gecko zombie (D:7)
  An orc skeleton (Ossuary)
  A quokka skeleton (D:5)
  2 quokka zombies (D:7)
  7 rats
  11 rat skeletons (Ossuary)
  3 briar patches (Swamp:1)
814 creatures vanquished.

Vanquished Creatures (others)
  An alligator (Swamp:1)
  A hell hound (Lair:6)
  3 briar patches (Swamp:1)
  A bush (Lair:6)
  21 fungi
  15 plants
42 creatures vanquished.

Grand Total: 856 creatures vanquished

Notes
Turn   | Place    | Note
-------+----------+-------------------------------------------
     0 | D:1      | Firecrotchwizard the Gargoyle Gladiator began the quest for
                  | the Orb.
     0 | D:1      | Reached XP level 1. HP: 12/12 MP: 1/1
    46 | D:1      | Reached XP level 2. HP: 14/18 MP: 2/2
   329 | D:1      | Reached XP level 3. HP: 22/22 MP: 3/3
   779 | D:2      | Reached skill level 4 in Staves
   811 | D:2      | Reached XP level 4. HP: 27/27 MP: 4/4
   845 | D:2      | Reached skill level 3 in Fighting
  1161 | D:2      | Found a runed translucent door.
  1162 | D:2      | Noticed Crazy Yiuf
  1377 | D:3      | Found a sparkling altar of Nemelex Xobeh.
  1392 | D:3      | Reached skill level 3 in Dodging
  1570 | D:3      | Reached XP level 5. HP: 32/32 MP: 5/5
  2239 | D:4      | Noticed Eustachio
  2243 | D:4      | Noticed Grinder
  2282 | D:4      | Paralysed by Grinder for 6 turns
  2291 | D:3      | Paralysed by Grinder for 7 turns
  2347 | D:4      | Killed Eustachio
  2347 | D:4      | Reached skill level 4 in Fighting
  2347 | D:4      | Reached skill level 5 in Staves
  2347 | D:4      | Reached skill level 1 in Armour
  2347 | D:4      | Reached XP level 6. HP: 17/38 MP: 6/6
  2646 | D:4      | Reached skill level 2 in Armour
  2776 | D:4      | Reached XP level 7. HP: 41/44 MP: 7/7
  3140 | D:5      | Entered Level 5 of the Dungeon
  3238 | D:5      | Reached skill level 6 in Staves
  3353 | D:5      | Noticed Prince Ribbit
  3412 | D:5      | Killed Prince Ribbit
  3412 | D:5      | Reached skill level 3 in Armour
  3515 | D:5      | Reached skill level 5 in Fighting
  3591 | D:5      | Found a stormy altar of Qazlal.
  3646 | D:5      | Reached XP level 8. HP: 49/49 MP: 8/8
  3680 | D:5      | Reached skill level 7 in Staves
  4151 | D:6      | Noticed Edmund
  4172 | D:6      | Killed Edmund
  4172 | D:6      | Reached skill level 4 in Armour
  4254 | D:6      | Noticed Dowan
  4318 | D:6      | Noticed Menkaure
  4329 | D:6      | Killed Menkaure
  4329 | D:6      | Reached skill level 6 in Fighting
  4342 | D:6      | Noticed Duvessa
  4344 | D:6      | Found a sand-covered staircase.
  4353 | D:6      | Killed Duvessa
  4353 | D:6      | Reached skill level 8 in Staves
  4361 | D:6      | Killed Dowan
  4405 | Ossuary  | Entered an ossuary
  4538 | Ossuary  | Reached skill level 5 in Armour
  4736 | Ossuary  | Reached XP level 9. HP: 52/56 MP: 9/9
  5266 | D:7      | Found a staircase to the Ecumenical Temple.
  5273 | Temple   | Entered the Ecumenical Temple
  5331 | Temple   | Became a worshipper of Warmaster Okawaru
  5398 | D:7      | Reached skill level 9 in Staves
  5437 | D:7      | Noticed a two-headed ogre
  5442 | D:7      | Noticed a glowing orange brain
  5442 | D:7      | a two-headed ogre changed into a glowing orange brain
  5487 | D:7      | Killed a glowing orange brain
  5487 | D:7      | Reached skill level 7 in Fighting
  5487 | D:7      | Reached skill level 6 in Armour
  5584 | D:7      | Noticed a hornet
  5612 | D:7      | Killed a hornet
  5612 | D:7      | Reached * piety under Okawaru
  5740 | D:7      | Reached skill level 10 in Staves
  5786 | D:7      | Found a bloodstained altar of Trog.
  5787 | D:7      | Found a white marble altar of Elyvilon.
  5787 | D:7      | Found a blossoming altar of Fedhas.
  5787 | D:7      | Found a snail-covered altar of Cheibriados.
  5845 | D:7      | Reached skill level 1 in Invocations
  5854 | D:7      | Reached XP level 10. HP: 31/64 MP: 8/11
  6050 | D:7      | Noticed a cyclops
  6076 | D:7      | Killed a cyclops
  6076 | D:7      | Reached skill level 8 in Fighting
  6076 | D:7      | Reached skill level 7 in Armour
  6076 | D:7      | Reached skill level 2 in Invocations
  6083 | D:7      | Noticed a two-headed ogre
  6272 | D:7      | Killed a two-headed ogre
  6272 | D:7      | Reached ** piety under Okawaru
  6272 | D:7      | Reached skill level 3 in Invocations
  6466 | D:7      | Reached skill level 11 in Staves
  6542 | D:7      | Identified the Almanac of Stolen Souls and Fire
  7245 | D:8      | Noticed Erica
  7280 | D:8      | Killed Erica
  7280 | D:8      | Reached *** piety under Okawaru
  7280 | D:8      | Reached skill level 4 in Invocations
  7556 | D:8      | Reached skill level 8 in Armour
  7563 | D:8      | Reached XP level 11. HP: 54/69 MP: 14/14
  7632 | D:8      | Reached skill level 9 in Fighting
  7755 | D:8      | Noticed Harold
  7787 | D:8      | Killed Harold
  8033 | D:8      | Reached skill level 5 in Invocations
  8128 | D:8      | Reached **** piety under Okawaru
  8702 | D:9      | Found a staircase to the Orcish Mines.
  8954 | D:9      | Reached skill level 12 in Staves
  9513 | D:10     | Entered Level 10 of the Dungeon
  9779 | D:10     | Reached ***** piety under Okawaru
 10130 | D:10     | Noticed a glowing orange brain
 10131 | D:10     | Found a runed translucent gate.
 10131 | D:10     | Found a runed translucent gate.
 10132 | D:10     | Found a runed translucent gate.
 10132 | D:10     | Noticed a cyan ugly thing
 10132 | D:10     | Noticed a brown ugly thing
 10132 | D:10     | Noticed a cyan ugly thing
 10133 | D:10     | Noticed a brown ugly thing
 10134 | D:10     | Noticed a brown ugly thing
 10174 | D:10     | Noticed a two-headed ogre
 10189 | D:10     | Killed a two-headed ogre
 10189 | D:10     | Received a gift from Okawaru
 10189 | D:10     | Reached skill level 9 in Armour
 10189 | D:10     | Reached skill level 6 in Invocations
 10686 | D:11     | Noticed a brown ugly thing
 10708 | D:11     | Killed a brown ugly thing
 10730 | D:11     | Found a staircase to the Lair.
 10731 | D:11     | Found a flagged portal.
 10774 | Bailey   | Entered a bailey
 10868 | Bailey   | Reached skill level 10 in Fighting
 11257 | Bailey   | Noticed an orc knight
 11269 | Bailey   | Killed an orc knight
 11269 | Bailey   | Reached XP level 12. HP: 77/77 MP: 8/17
 11285 | Bailey   | HP: 16/77 [orc warrior/+0 halberd (14)]
 11633 | Lair:1   | Entered Level 1 of the Lair of Beasts
 11653 | D:11     | Received a gift from Okawaru
 11654 | D:11     | Got a crystal quarterstaff {god gift}
 11797 | D:11     | Identified the +4 quarterstaff of Evil {drain, *Corrode
                  | +Blink +Inv Dex+10} (Okawaru gifted it to you on level 11
                  | of the Dungeon)
 11827 | D:11     | Reached skill level 13 in Staves
 11843 | D:11     | Reached skill level 7 in Invocations
 11857 | D:11     | Found Ixant's Antique Weapon Shop.
 11860 | D:11     | Bought a glowing quarterstaff for 182 gold pieces
 12045 | D:11     | Noticed Sonja
 12065 | D:11     | Killed Sonja
 12447 | Lair:1   | Noticed a four-headed hydra
 12457 | Lair:1   | Killed a four-headed hydra
 12461 | Lair:1   | Reached skill level 10 in Armour
 13032 | Lair:1   | Noticed a six-headed hydra
 13042 | Lair:1   | Killed a six-headed hydra
 13357 | Lair:2   | Received a gift from Okawaru
 13357 | Lair:2   | Reached skill level 8 in Invocations
 13480 | Lair:2   | Reached skill level 11 in Fighting
 13571 | Lair:2   | Reached skill level 14 in Staves
 13602 | Lair:2   | Reached XP level 13. HP: 81/84 MP: 19/19
 13739 | Lair:2   | Found a shattered altar of Ashenzari.
 13916 | Lair:2   | Reached skill level 4 in Dodging
 13998 | Lair:2   | Reached ****** piety under Okawaru
 14006 | Lair:2   | Received a gift from Okawaru
 14006 | Lair:2   | Reached skill level 9 in Invocations
 14013 | Lair:2   | Reached skill level 11 in Armour
 14033 | Lair:2   | Got an opal-encrusted scale mail {god gift}
 14044 | Lair:2   | Identified the +6 scale mail "Ophathex" {rElec MR+ Str-2}
                  | (Okawaru gifted it to you on level 2 of the Lair of Beasts)
 14535 | Lair:3   | Found a staircase to the Swamp.
 14815 | Lair:3   | Found a hole to the Spider Nest.
 15244 | Lair:4   | Reached skill level 12 in Fighting
 15383 | Lair:4   | Reached skill level 5 in Dodging
 15492 | Lair:4   | Found a runed translucent gate.
 15492 | Lair:4   | Found a runed translucent gate.
 15493 | Lair:4   | Found a runed translucent gate.
 15695 | Lair:4   | Noticed dialectric's ghost (journeyman DsFi)
 16110 | Lair:4   | Reached skill level 10 in Invocations
 16141 | Lair:4   | Killed dialectric's ghost
 16287 | Lair:4   | Gained mutation: Your large and strong wings let you fly
                  | indefinitely. [Gargoyle growth]
 16287 | Lair:4   | Reached XP level 14. HP: 69/92 MP: 21/21
 16486 | Lair:4   | Reached skill level 12 in Armour
 16492 | Lair:4   | Received a gift from Okawaru
 16497 | Lair:4   | Reached skill level 2 in Throwing
 16614 | Lair:4   | Reached skill level 6 in Dodging
 16644 | Lair:4   | Received a gift from Okawaru
 16661 | Lair:4   | Got a scorched quarterstaff {god gift}
 16662 | Lair:4   | Identified the +4 quarterstaff "Kexas" {flame, +Rage
                  | Stlth+} (Okawaru gifted it to you on level 4 of the Lair of
                  | Beasts)
 16817 | Lair:5   | Reached skill level 3 in Throwing
 17384 | Lair:6   | Entered Level 6 of the Lair of Beasts
 17642 | Lair:6   | Reached skill level 13 in Fighting
 17769 | Lair:6   | Found a runed translucent door.
 17770 | Lair:6   | Found a viscous altar of Jiyva.
 17772 | Lair:6   | Found a staircase to the Slime Pits.
 17826 | Lair:6   | Reached skill level 4 in Throwing
 18228 | Lair:6   | Received a gift from Okawaru
 18298 | Lair:6   | Found a large runed translucent door.
 18299 | Lair:6   | Found a large runed translucent door.
 18467 | Lair:6   | Reached skill level 7 in Dodging
 18708 | Lair:6   | Noticed a dire elephant
 18731 | Lair:6   | Killed a dire elephant
 18985 | Lair:6   | Received a gift from Okawaru
 19204 | Lair:6   | Reached skill level 13 in Armour
 19485 | Orc:1    | Entered Level 1 of the Orcish Mines
 19555 | Orc:1    | Reached skill level 5 in Throwing
 19689 | Orc:1    | Noticed Erolcha
 19696 | Orc:1    | Killed Erolcha
 19844 | Orc:2    | Entered Level 2 of the Orcish Mines
 19941 | Orc:2    | Reached XP level 15. HP: 92/99 MP: 19/22
 20363 | Orc:2    | Found a staircase to the Elven Halls.
 20804 | Orc:2    | Noticed an orc warlord
 20831 | Orc:2    | Killed an orc warlord
 20853 | Orc:2    | Found a roughly hewn altar of Beogh.
 21513 | Orc:2    | Found Idoutosch's Distillery.
 21583 | Orc:2    | Found Veas's Book Shoppe.
 21817 | Orc:2    | Reached skill level 6 in Throwing
 21975 | Orc:2    | Found Qiwek's Assorted Antiques.
 22140 | Orc:2    | Found a roughly hewn altar of Beogh.
 22207 | Orc:2    | Reached skill level 14 in Fighting
 22207 | Orc:2    | Reached skill level 8 in Dodging
 22212 | Orc:2    | Received a gift from Okawaru
 22261 | Orc:2    | Found Inwyarag's Distillery.
 22328 | Orc:2    | Received a gift from Okawaru
 22707 | Orc:1    | Noticed an orc warlord
 22741 | Orc:2    | Killed an orc warlord
 23085 | Orc:2    | Bought a manual of Invocations for 1435 gold pieces
 23247 | Swamp:1  | Entered Level 1 of the Swamp
 23331 | Swamp:1  | Noticed a thorn hunter
 23369 | Swamp:1  | Killed a thorn hunter
 23600 | Swamp:1  | Received a gift from Okawaru
 23600 | Swamp:1  | Reached skill level 14 in Armour
 23612 | Swamp:1  | Reached skill level 7 in Throwing
 24477 | Swamp:1  | Reached XP level 16. HP: 83/107 MP: 23/23
 24904 | Swamp:2  | You are sucked into a shaft and drop 1 floor!
 25084 | Swamp:3  | Reached skill level 9 in Dodging
 25380 | Swamp:2  | Noticed a thorn hunter
 25389 | Swamp:2  | Killed a thorn hunter
 25464 | Swamp:2  | Found a frozen archway.
 25473 | IceCv    | Entered an ice cave
 25717 | IceCv    | HP: 26/107 [white very ugly thing (10)]
 25717 | IceCv    | HP: 4/107 [white very ugly thing (22)]
 25720 | IceCv    | Slain by a white very ugly thing

Levels and vault maps discovered:
D:1:      lightli_arrival_chessboard, layout_rooms, dk_noncrumbling_3
D:2:      layout_loops_ring, uniq_crazy_yiuf_cottage
D:3:      layout_loops_cross, nemelex_xobeh_ov_fountains_minmay
D:4:      layout_loops_ring, first_ration, kennysheep_generic_room_8,
          uniq_grinder, uniq_eustachio
D:5:      layout_cave_pools, grunt_qazlal_sundering, uniq_prince_ribbit1
D:6:      layout_basic, enter_ossuary_3, uniq_menkaure, uniq_duvessa,
          uniq_edmund
D:7:      minmay_the_grid_octo_tiled_octocenter [minmay_the_grid_octo_shrine,
          minmay_the_grid_octo_teeth, minmay_the_grid_octo_toaster,
          minmay_the_grid_octo_checkerflower, minmay_the_grid_octo_prize_big_c,
          minmay_the_grid_square_5x5_meh, minmay_the_grid_square_5x5_spiral,
          minmay_the_grid_square_5x5_fat_x,
          minmay_the_grid_square_5x5_sharp_hourglass], layout_loops_ring,
          minmay_temple_entry_gardened_gates
D:8:      layout_basic, uniq_erica, uniq_harold
D:9:      layout_basic, orc_0_dummy
D:10:     layout_basic, ploomutoo_gammafunk_ghost_potion_laboratory,
          hangedman_pestilent_swarm
D:11:     layout_roguey, lair_entry_dummy, serial_shops,
          nicolae_shop_window_shopping, enter_bailey_2,
          chequers_serial_rivers_small_a, uniq_sonja
Temple:   compressed_dpeg_triangle_lava_temple
Lair:1:   layout_hall_layers, st_stairs_9, grunt_megastairs_2
Lair:2:   beast_lair_carwin_large_2, layout_loops_ring, basic_altar
Lair:3:   layout_long_grid, skrybe_swamp_entry_bodies, spider_nest_entry_a,
          st_stairs_10, beast_lair_carwin_7
Lair:4:   layout_regular_city, gammafunk_ghost_split, beast_lair_carwin_10
Lair:5:   layout_long_grid
Lair:6:   cheibrodos_lair_end_hotspot, layout_misc_corridors, slime_altar_2
Swamp:1:  layout_falls_marsh, nicolae_swamp_treefoil, infiniplex_staircase_pool
Swamp:2:  layout_basic_swamp, portal_ice_cave_entry_pillars_three,
          nicolae_swamp_trees_clearing
Swamp:3:  layout_basic_swamp, evilmike_swamp_ruin_house_3, swamp_pool1
Orc:1:    layout_caves, uniq_erolcha
Orc:2:    pubby_orc_utopia
IceCv:    ice_cave_statue_garden_chambered

Skill      XL: |  1  2  3  4  5  6  7  8  9 10 11 12 13 14 15 16 |
---------------+-------------------------------------------------+-----
Staves         | 4 5 6 8 10 11 12 14 | 14.0
Fighting       | 3 4 5 6 7 8 10 11 12 13 14 | 14.9
Dodging        | 3 5 7 8 9 |  9.2
Armour         | 1 2 3 5 6 8 9 10 11 13 14 | 14.5
Invocations    | 1 4 6 8 10 | 10.2
Throwing       | 5 7 |  7.9

Action                   |  1- 3 |  4- 6 |  7- 9 | 10-12 | 13-15 | 16-18 || total
-------------------------+-------+-------+-------+-------+-------+-------++-------
Melee: Quarterstaff      |   116 |   228 |   440 |   917 |   227 |    18 ||  1946
       Lajatang          |       |       |       |    73 |  1344 |   149 ||  1566
       Staff             |       |       |       |       |    65 |       ||    65
Throw: Throwing net      |       |     1 |       |     2 |       |       ||     3
       Boomerang         |       |       |    72 |   290 |    36 |       ||   398
       Dart              |       |       |     8 |       |       |       ||     8
       Javelin           |       |       |     6 |     2 |    55 |     4 ||    67
Invok: Heroism           |       |       |     1 |    17 |    26 |     3 ||    47
       Finesse           |       |       |       |     1 |     4 |       ||     5
 Abil: Fly               |       |       |       |       |     1 |       ||     1
Evoke: Wand              |       |       |     1 |     4 |       |       ||     5
  Use: Scroll            |       |    15 |       |    21 |    12 |     1 ||    49
       Potion            |       |     1 |     1 |     4 |       |       ||     6
 Stab: Distracted        |       |       |       |       |     2 |       ||     2
       Petrified         |       |       |       |       |     1 |       ||     1
       Confused          |       |       |       |       |     2 |       ||     2
  Eat: Chunk             |       |     6 |    11 |    33 |    36 |     3 ||    89
       Ration            |       |       |       |     3 |       |       ||     3
Armor: Leather armour    |    32 |       |       |       |       |       ||    32
       Ring mail         |    14 |   125 |    60 |       |       |       ||   199
       Scale mail        |       |       |    22 |       |   815 |   111 ||   948
       Plate armour      |       |       |   178 |   772 |    22 |       ||   972
Dodge: Dodged            |    82 |   189 |   183 |   362 |   983 |    90 ||  1889
       Deflected         |       |       |       |       |       |     6 ||     6

Table legend:
 A = Non-vault XP
 B = Vault XP
 C = Vault XP percentage of total XP
 D = Non-vault monster count
 E = Vault monster count
 F = Vault count percentage of total count
                 A         B        C        D         E       F
            +---------+---------+-------+---------+---------+-------
      Total |   90575 |   52180 |  36.6 |     497 |     316 |  38.9
            +---------+---------+-------+---------+---------+-------
        D:1 |      47 |       0 |   0.0 |      27 |       0 |   0.0
        D:2 |      80 |       0 |   0.0 |      18 |       0 |   0.0
        D:3 |     136 |       0 |   0.0 |      25 |       0 |   0.0
        D:4 |     172 |     202 |  54.0 |       8 |       1 |  11.1
        D:5 |     502 |     268 |  34.8 |      23 |       1 |   4.2
        D:6 |     519 |     535 |  50.8 |      16 |       4 |  20.0
        D:7 |    1175 |    3704 |  75.9 |      35 |      24 |  40.7
        D:8 |    1902 |    1920 |  50.2 |      30 |       2 |   6.2
        D:9 |    2423 |       0 |   0.0 |      29 |       0 |   0.0
       D:10 |    1921 |     328 |  14.6 |      11 |       4 |  26.7
       D:11 |    3899 |     802 |  17.1 |      38 |       1 |   2.6
     Lair:1 |    5167 |     561 |   9.8 |      16 |       2 |  11.1
     Lair:2 |   10647 |     822 |   7.2 |      41 |       7 |  14.6
     Lair:3 |    2696 |    3384 |  55.7 |      11 |      13 |  54.2
     Lair:4 |   11912 |    4811 |  28.8 |      33 |      15 |  31.2
     Lair:5 |    4694 |       0 |   0.0 |      15 |       0 |   0.0
     Lair:6 |    9060 |    6944 |  43.4 |      28 |      26 |  48.1
    Swamp:1 |   18040 |       0 |   0.0 |      36 |       0 |   0.0
    Swamp:2 |    6994 |       0 |   0.0 |      10 |       0 |   0.0
    Swamp:3 |    4749 |       0 |   0.0 |      18 |       0 |   0.0
      Orc:1 |    1885 |     982 |  34.3 |      26 |       1 |   3.7
      Orc:2 |    1955 |   23524 |  92.3 |       3 |     159 |  98.1
    Ossuary |       0 |     257 | 100.0 |       0 |      32 | 100.0
     Bailey |       0 |    1696 | 100.0 |       0 |      14 | 100.0
      IceCv |       0 |    1440 | 100.0 |       0 |      10 | 100.0
            +---------+---------+-------+---------+---------+-------

Levels and vault maps discovered:
D:1:      lightli_arrival_chessboard, layout_rooms, dk_noncrumbling_3
D:2:      layout_loops_ring, uniq_crazy_yiuf_cottage
D:3:      layout_loops_cross, nemelex_xobeh_ov_fountains_minmay
D:4:      layout_loops_ring, first_ration, kennysheep_generic_room_8,
          uniq_grinder, uniq_eustachio
D:5:      layout_cave_pools, grunt_qazlal_sundering, uniq_prince_ribbit1
D:6:      layout_basic, enter_ossuary_3, uniq_menkaure, uniq_duvessa,
          uniq_edmund
D:7:      minmay_the_grid_octo_tiled_octocenter [minmay_the_grid_octo_shrine,
          minmay_the_grid_octo_teeth, minmay_the_grid_octo_toaster,
          minmay_the_grid_octo_checkerflower, minmay_the_grid_octo_prize_big_c,
          minmay_the_grid_square_5x5_meh, minmay_the_grid_square_5x5_spiral,
          minmay_the_grid_square_5x5_fat_x,
          minmay_the_grid_square_5x5_sharp_hourglass], layout_loops_ring,
          minmay_temple_entry_gardened_gates
D:8:      layout_basic, uniq_erica, uniq_harold
D:9:      layout_basic, orc_0_dummy
D:10:     layout_basic, ploomutoo_gammafunk_ghost_potion_laboratory,
          hangedman_pestilent_swarm
D:11:     layout_roguey, lair_entry_dummy, serial_shops,
          nicolae_shop_window_shopping, enter_bailey_2,
          chequers_serial_rivers_small_a, uniq_sonja
Temple:   compressed_dpeg_triangle_lava_temple
Lair:1:   layout_hall_layers, st_stairs_9, grunt_megastairs_2
Lair:2:   beast_lair_carwin_large_2, layout_loops_ring, basic_altar
Lair:3:   layout_long_grid, skrybe_swamp_entry_bodies, spider_nest_entry_a,
          st_stairs_10, beast_lair_carwin_7
Lair:4:   layout_regular_city, gammafunk_ghost_split, beast_lair_carwin_10
Lair:5:   layout_long_grid
Lair:6:   cheibrodos_lair_end_hotspot, layout_misc_corridors, slime_altar_2
Swamp:1:  layout_falls_marsh, nicolae_swamp_treefoil, infiniplex_staircase_pool
Swamp:2:  layout_basic_swamp, portal_ice_cave_entry_pillars_three,
          nicolae_swamp_trees_clearing
Swamp:3:  layout_basic_swamp, evilmike_swamp_ruin_house_3, swamp_pool1
Orc:1:    layout_caves, uniq_erolcha
Orc:2:    pubby_orc_utopia
IceCv:    ice_cave_statue_garden_chambered

Table legend:
 A = Turns spent in this place as a percentage of turns spent in the entire game.
 B = Non-inter-level travel turns spent in this place as a percentage of non-inter-level travel turns spent in the entire game.
 C = Inter-level travel turns spent in this place as a percentage of turns spent in this place.
 D = Turns resting spent in this place as a percentage of non-inter-level travel turns spent in this place.
 E = Turns spent auto-exploring this place as a percentage of non-inter-level travel turns spent in this place.
 F = Non-inter-level travel turns spent in this place divided by the number of levels of this place that you've seen.
                   A       B       C       D       E      F
               +-------+-------+-------+-------+-------+----------------------
         Total | 100.0 | 100.0 |   4.2 |  25.5 |  45.3 | 947.4
       Dungeon |  43.4 |  43.1 |   4.7 |  15.4 |  57.4 | 965.9
        Temple |   0.3 |   0.2 |  18.1 |   0.0 |  86.4 |  59.0
          Lair |  27.6 |  27.6 |   4.0 |  25.7 |  45.8 | 1134.5
         Swamp |   8.7 |   9.0 |   0.9 |  51.0 |  21.8 | 735.3
  Orcish Mines |  14.2 |  13.9 |   6.6 |  27.1 |  36.1 | 1711.5
       Ossuary |   1.7 |   1.8 |   0.0 |  20.3 |  39.0 | 439.0
        Bailey |   3.2 |   3.4 |   0.0 |  71.1 |   0.7 | 826.0
      Ice Cave |   1.0 |   1.0 |   0.0 |  64.4 |   0.4 | 247.0
               +-------+-------+-------+-------+-------+----------------------

Table legend:
 A = Kills in this place as a percentage of kills in entire the game.
 B = Kills by you in this place as a percentage of kills by you in the entire game.
 C = Kills by friends in this place as a percentage of kills by friends in the entire game.
 D = Other kills in this place as a percentage of other kills in the entire game.
 E = Experience gained in this place as a percentage of experience gained in the entire game.
 F = Experience gained in this place divided by the number of levels of this place that you have seen.
                   A       B       C       D       E      F
               +-------+-------+-------+-------+-------+----------------------
         Total | 100.0 | 100.0 |   N/A | 100.0 | 100.0 | 5490.6
       Dungeon |  36.5 |  36.6 |   N/A |   0.0 |  14.4 | 1866.8
          Lair |  25.5 |  25.4 |   N/A |  50.0 |  42.5 | 10116.3
         Swamp |   7.9 |   7.8 |   N/A |  50.0 |  20.9 | 9927.7
  Orcish Mines |  23.2 |  23.3 |   N/A |   0.0 |  19.9 | 14173.0
       Ossuary |   3.9 |   3.9 |   N/A |   0.0 |   0.2 | 257.0
        Bailey |   1.7 |   1.7 |   N/A |   0.0 |   1.2 | 1696.0
      Ice Cave |   1.2 |   1.2 |   N/A |   0.0 |   1.0 | 1440.0
               +-------+-------+-------+-------+-------+----------------------
